 Dungeon Crawl Stone Soup version 0.28-a0-751-gef3a642a4e (webtiles) character file.

Game seed: 7876582192651635492

70 KoroneIsBestGirl the Firebug (level 4, -1/40 HPs)
             Began as an Ogre Fire Elementalist on Oct 31, 2021.
             Slain by a human zombie (2 damage)
             ... in an ossuary.
             The game lasted 00:05:23 (4481 turns).

KoroneIsBestGirl the Firebug (OgFE)                 Turns: 4481, Time: 00:05:25

Health: -1/40      AC:  4    Str: 10 (12) XL:     4   Next: 22%
Magic:  8/8        EV:  9    Int: 16 (17) God:
Gold:   165        SH:  0    Dex:  7 (9)  Spells: 6/9 levels left

rFire   . . .      SeeInvis .   h - +0 spear
rCold   . . .      Faith    .   (no shield)
rNeg    . . .      Spirit   .   a - +0 robe
rPois   .          Reflect  .   (helmet restricted)
rElec   .          Harm     .   g - +0 cloak
rCorr   .          Rampage  .   (gloves unavailable)
Will    .....                   (boots unavailable)
Stlth   +.........              (no amulet)
HPRegen 0.13/turn               (no ring)
MPRegen 0.11/turn               (no ring)

@: hasted, very quick
A: large, unfitting armour, tough skin 1
a: no special abilities


You were in an ossuary.
You visited 1 branch of the dungeon, and saw 4 of its levels.
You also visited: Ossuary.

You collected 165 gold pieces.

Inventory:

Hand Weapons
 h - a +0 spear (weapon)
Armour
 a - a +0 robe (worn)
 g - a +0 cloak (worn)
Scrolls
 c - a scroll of identify
 l - a scroll of magic mapping
 m - a scroll of enchant weapon


   Skills:
 + Level 0.4 Fighting
 + Level 0.2 Polearms
 + Level 2.4 Dodging
 - Level 1.4 Stealth
 + Level 3.1 Spellcasting
 + Level 1.8 Conjurations
 + Level 3.1 Fire Magic


You had 6 spell levels left.
You knew the following spells:

 Your Spells              Type           Power      Damage    Failure   Level
a - Foxfire               Conj/Fire      40%        2x1d6     7%          1
b - Scorch                Fire           24%        2d6       8%          2

Your spell library contained the following spells:

 Spells                   Type           Power      Damage    Failure   Level
 Animate Skeleton         Necr           4%         N/A       19%         1
 Apportation              Tloc           4%         N/A       19%         1
 Sting                    Tmut/Pois      8%         1d3       19%         1
 Summon Small Mammal      Summ           8%         N/A       19%         1
 Conjure Flame            Conj/Fire      10%        6-21      21%         3
 Blink                    Tloc           4%         N/A       28%         2
 Poisonous Vapours        Pois/Air       4%         N/A       28%         2
 Inner Flame              Hex/Fire       7%         N/A       28%         3
 Flame Wave               Conj/Fire      10%        3d4       54%         4
 Olgreb's Toxic Radiance  Pois           2%         N/A       88%         4
 Manifold Assault         Tloc           2%         N/A       99%         5
 Storm Form               Tmut/Air       1%         N/A       100%        7


Dungeon Overview and Level Annotations

Branches:
Dungeon (4/15)            Ossuary (1/1)
 Temple: D:4-7

Altars:
Elyvilon
Fedhas
Makhleb
Uskayaw


Innate Abilities, Weirdness & Mutations

You are too large for most types of armour.
You have tough skin. (AC +1)


Message History

You hit the human zombie.
The human zombie is moderately damaged.
The adder zombie bites you. The human zombie hits you.
The adder zombie closely misses you. The elf zombie hits you.
The jackal zombie bites you.
* * * LOW HITPOINT WARNING * * *
The human zombie hits you.
* * * LOW HITPOINT WARNING * * *
The hobgoblin zombie hits you.
* * * LOW HITPOINT WARNING * * *
The human zombie barely misses you.
You are too injured to fight recklessly!
Something appears at your feet! The adder zombie closely misses you.
The adder zombie bites you.
* * * LOW HITPOINT WARNING * * *
The human zombie barely misses you.
You aren't carrying any potions.
Okay, then.
There is nothing on the other side of the stone arch.
There is nothing on the other side of the stone arch.
There is nothing on the other side of the stone arch.
Okay, then.
You hit the human zombie.
The human zombie is heavily damaged.
The jackal zombie barely misses you.
The adder zombie bites you but does no damage.
The human zombie hits you.
* * * LOW HITPOINT WARNING * * *
The hobgoblin zombie closely misses you.
The human zombie hits you.
* * * LOW HITPOINT WARNING * * *
The elf zombie hits you.
* * * LOW HITPOINT WARNING * * *
You hit the human zombie.
The human zombie is heavily damaged.
The adder zombie bites you.
* * * LOW HITPOINT WARNING * * *
The jackal zombie bites you but does no damage.
The human zombie hits you.
You die...

...............
...............
...............
...............
...............
......ZZ.......
......ZZZ......
.....ZZ@ZZ.....
......ZZZ......
...............
...............
...............
...............
...............
...............


You could see 2 adder zombies, a rat zombie, a jackal zombie, a goblin zombie, a
hobgoblin zombie, 2 gnoll zombies, an elf zombie and 3 human zombies.

Vanquished Creatures
  2 worms
  A dart slug (D:2)
  An orc (D:3)
  4 endoplasms
  3 giant cockroaches
  5 hobgoblins
  2 jackals (D:1)
  2 quokkas
  6 ball pythons
  8 bats
  3 frilled lizards
  5 goblins
  7 kobolds
  10 rats
59 creatures vanquished.

Vanquished Creatures (others)
  209 foxfires
209 creatures vanquished.

Grand Total: 268 creatures vanquished

Notes
Turn   | Place    | Note
-------+----------+-------------------------------------------
     0 | D:1      | KoroneIsBestGirl the Ogre Fire Elementalist began the quest
                  | for the Orb.
     0 | D:1      | Reached XP level 1. HP: 16/16 MP: 3/3
   195 | D:1      | Reached skill level 1 in Conjurations
   425 | D:1      | Reached XP level 2. HP: 24/24 MP: 0/5
  1035 | D:1      | Found a faded altar of an unknown god.
  1368 | D:2      | Reached XP level 3. HP: 31/31 MP: 4/7
  1524 | D:2      | Found a white marble altar of Elyvilon.
  2677 | D:3      | Learned a level 2 spell: Scorch
  2926 | D:3      | Reached XP level 4. HP: 34/39 MP: 8/8
  3020 | D:3      | Found a hide-covered altar of Uskayaw.
  3664 | D:3      | Found a burning altar of Makhleb.
  4052 | D:3      | Found a blossoming altar of Fedhas.
  4448 | D:4      | Identified a scroll of acquirement
  4452 | D:4      | Found a sand-covered staircase.
  4463 | Ossuary  | Entered an ossuary
  4479 | Ossuary  | Acquired 769 gold pieces
  4481 | Ossuary  | HP: 1/40 [adder zombie (2)]
  4481 | Ossuary  | Slain by a human zombie

Illustrated notes

Levels and vault maps discovered:
D:1:      sevenhm_arrival_forest_fort_small_5, layout_rooms,
          shapermc_ecumenical_altar_starsandcircs
D:2:      layout_loops_ring, basic_altar
D:3:      layout_basic, nicolae_uskayaw_murder_on_the_dancefloor,
          amcnicky_altar_gilded, demons_altar, chequers_serial_rivers_large_b
D:4:      layout_rooms, enter_ossuary_4
Ossuary:  ossuary_minmay_tomb_2a

Skill      XL: |  1  2  3 |
---------------+----------+-----
Conjurations   | 1 |  1.8
Dodging        | 2 |  2.4
Fire Magic     | 3 |  3.1
Spellcasting   | 3 |  3.1
Fighting       | |  0.4
Polearms       | |  0.2
Stealth        | |  1.4

Action                   |  1- 3 |  4- 6 || total
-------------------------+-------+-------++-------
Melee: Unarmed           |    10 |       ||    10
       Spear             |    62 |    83 ||   145
 Cast: Foxfire           |   114 |    16 ||   130
  Use: Potion            |       |     6 ||     6
       Scroll            |       |     5 ||     5
 Stab: Sleeping          |     2 |       ||     2
       Fleeing           |       |     1 ||     1
Armor: Robe              |    31 |    20 ||    51
Dodge: Dodged            |    43 |    57 ||   100

Table legend: (Time is in decaauts)
 A = Elapsed time spent in this place.
 B = Non-inter-level travel time spent in this place.
 C = Inter-level travel time spent in this place.
 D = Time resting spent in this place.
 E = Time spent auto-exploring this place.
 F = Levels seen in this place.
 G = Mean time per level.
                   A        B        C        D        E       F      G
               +--------+--------+--------+--------+--------+-----+--------+
         Total |   4585 |   4134 |    451 |     48 |   3475 |   5 |  917.0 |
       Dungeon |   4571 |   4120 |    451 |     48 |   3475 |   4 | 1142.8 |
       Ossuary |     13 |     13 |      0 |      0 |      0 |   1 |   13.0 |
               +--------+--------+--------+--------+--------+-----+--------+

Top non-repeatable levels by time:
     D:3: 2120 daAuts
     D:1: 1220 daAuts
     D:2: 1191 daAuts
     D:4: 39 daAuts
 Ossuary: 13 daAuts
